Map: Orbital Shipyard

Players

fOru

  • Race: Terran Terran
  • League: Diamond

ReacH - Winner!

  • Race: Protoss Protoss
  • League: Platinum

VOD

Have the link to the VOD?

Description

Time

  • Played on: Feb. 24, 2016, 3:45 p.m.
  • Length: 17:37
Show
View Real Time Build Order
Export as new Build Order

fOru Terran 

Build Orders: Liberator Opening, MMM Bio 

Get SALT Encoding   

  12  0:01  SCV  
  13  0:13  SCV  
  14  0:18  Supply Depot  
  14  0:25  SCV  
  15  0:39  SCV  
  15  0:41  Barracks  
  16  0:48  Refinery  
  16  0:51  SCV  
  17  1:04  SCV  
  18  1:16  SCV  
  19  1:28  SCV  
  20  1:39  Reaper  
  21  1:40  Orbital Command  
  21  1:45  Command Center  
  21  2:06  Supply Depot, SCV  
  22  2:08  Factory  
  22  2:18  SCV  
  22  2:19  Refinery  
  23  2:25  Barracks Reactor  
  23  2:30  SCV  
  24  2:42  SCV  
  25  2:54  SCV  
  25  2:57  Orbital Command  
  26  3:01  Starport  
  28  3:06  Marine x2  
  28  3:07  SCV  
  31  3:14  Factory Tech Lab  
  29  3:23  Bunker  
  29  3:24  Marine x2  
  29  3:26  SCV  
  29  3:27  SCV  
  33  3:38  SCV  
  33  3:39  SCV  
  33  3:40  Siege Tank  
  38  3:42  Marine  
  38  3:47  Liberator  
  39  3:50  Bunker  
  39  3:51  SCV x2  
  41  4:01  Barracks Reactor  
  43  4:11  Supply Depot x2  
  42  4:30  Supply Depot  
  41  4:32  SCV x2  
  44  4:45  SCV x2  
  46  4:55  Barracks  
  43  5:05  Barracks  
  43  5:10  Factory Reactor  
  43  5:11  SCV x2  
  45  5:23  SCV x2  
  45  5:25  Starport Reactor, Stimpack  
  45  5:26  Engineering Bay  
  45  5:27  Marine  
  48  5:35  SCV x2  
  48  5:37  Engineering Bay  
  48  5:38  Command Center  
  48  5:39  Engineering Bay, Refinery x2  
  50  5:45  Marine, Barracks Tech Lab  
  50  5:47  SCV  
  50  5:48  SCV  
  53  5:57  Marine x2  
  53  5:59  Widow Mine x2  
  53  6:00  SCV x2  
  53  6:03  Marine  
  62  6:13  Terran Infantry Weapons Level 1  
  62  6:23  Marine  
  62  6:32  SCV  
  62  6:48  Supply Depot  
  62  6:49  Medivac x2, Marine x3, SCV x2  
  71  6:55  Orbital Command  
  71  6:57  Missile Turret  
  71  7:00  Missile Turret  
  71  7:01  SCV  
  71  7:02  SCV  
  71  7:07  Marine  
  71  7:13  Orbital Command  
  71  7:14  SCV x2  
  72  7:19  Medivac, Viking  
  76  7:25  Marine x3  
  76  7:26  SCV x2  
  76  7:27  Marine  
  82  7:36  Missile Turret  
  82  7:38  SCV x2  
  82  7:40  Barracks  
  82  7:42  Barracks, Marine  
  85  7:44  Marine  
  85  7:45  Marauder  
  85  7:50  SCV x3  
  91  7:54  Factory Reactor  
  91  7:56  Supply Depot  
  91  8:01  Marine  
  91  8:02  Marine, SCV  
  94  8:13  Combat Shields  
  94  8:14  Concussive Shells  
  90  8:29  Marine  
  90  8:30  Marine x2, Marauder x2  
  95  8:41  SCV x3  
  93  8:53  Marine x4, SCV x3, Marauder  
  93  8:54  Marine, Marauder  
  100  9:01  Command Center  
  100  9:03  Supply Depot x3  
  100  9:05  Supply Depot, SCV x3  
  103  9:13  Missile Turret  
  103  9:15  Marine x2, Marauder x2, Barracks Tech Lab  
  103  9:16  Missile Turret  
  109  9:25  SCV x3  
  109  9:27  Marine  
  113  9:32  Ghost Academy  
  113  9:33  Refinery  
  113  9:34  Refinery  
  113  9:35  Barracks  
  113  9:36  Barracks, Marauder x2  
  113  9:37  SCV x3  
  120  9:40  Barracks  
  120  9:49  SCV x3  
  123  10:06  Marine x4  
  123  10:07  Marauder x3  
  133  10:21  Marine  
  133  10:23  Personal Cloaking  
  133  10:24  Marine x4  
  133  10:26  Terran Infantry Armor Level 1, Armory  
  133  10:27  Marine  
  133  10:28  Marauder x3  
  145  10:42  Marine  
  135  10:49  Marauder x2  
  112  10:50  Marauder  
  112  10:52  Barracks Tech Lab x2  
  112  10:54  Marine, Barracks Reactor  
  112  10:55  Marine x2  
  110  10:59  Marine  
  110  11:00  Widow Mine x2  
  115  11:04  Medivac x2  
  115  11:08  Starport  
  115  11:10  Starport  
  115  11:11  Marauder x3  
  125  11:25  Marine  
  125  11:26  Marine x3, Marauder x2  
  125  11:28  Widow Mine  
  125  11:29  Widow Mine  
  125  11:32  Marauder x3  
  143  11:34  Medivac  
  143  11:36  Command Center  
  143  11:37  Command Center  
  145  11:43  Marine  
  144  11:47  Ghost, Marauder  
  144  11:49  Marine x2, Sensor Tower  
  144  11:53  Ghost x2  
  154  11:54  Planetary Fortress  
  154  11:57  SCV x2  
  156  12:03  Missile Turret  
  156  12:05  Terran Infantry Weapons Level 2  
  156  12:08  Terran Ship Weapons Level 1  
  156  12:12  Starport Reactor  
  156  12:13  Starport Tech Lab  
  156  12:17  Fusion Core  
  156  12:23  Refinery  
  156  12:24  Terran Infantry Armor Level 2, Refinery  
  156  12:33  Marine  
  156  12:38  SCV  
  156  12:39  Marine x2  
  156  12:40  Marine  
  156  12:48  Marine x5  
  156  12:49  Marauder x2  
  166  12:51  Marauder  
  166  12:57  Marine x3  
  159  13:06  Ghost x2, Marine x2  
  159  13:10  Marauder x2  
  155  13:20  Marine  
  155  13:22  Orbital Command  
  155  13:26  Marauder  
  156  13:32  Marauder  
  155  13:39  Marine x2  
  156  13:49  Liberator  
  156  13:50  Marine x2  
  156  13:53  Marine x2  
  156  13:55  Marauder  
  155  13:57  Marine  
  156  14:04  Marine  
  156  14:07  Marine, Marauder x3  
  165  14:11  Marauder  
  165  14:16  Marauder  
  169  14:23  Liberator x2  
  169  14:28  Marauder  
  171  15:05  Planetary Fortress, Missile Turret, Liberator  
  171  15:06  Refinery  
  147  15:35  Marine x4, Marauder  
  141  15:36  Marauder x2  
  144  15:43  Marine x2  
  144  15:44  Marauder  
  144  15:45  Planetary Fortress  
  148  15:53  Marine x2, SCV x3  
  148  15:56  SCV  
  158  15:57  Marauder x2  
  158  16:00  Missile Turret  
  158  16:02  Supply Depot x2  
  158  16:03  Supply Depot  
  158  16:05  SCV x3  
  158  16:08  SCV  
  162  16:11  Medivac  
  162  16:17  SCV x3  
  167  16:21  Widow Mine  
  167  16:22  Widow Mine  
  118  16:35  Marine  
  118  16:36  Marine x4, Marauder x3  
  96  16:50  Widow Mine x2  
  96  16:53  Marine  
  96  16:54  Marine  
  97  16:57  Marauder  
  98  17:15  Marine  
  98  17:16  Marine x2, Marauder x2  
Show
View Real Time Build Order
Export as new Build Order

ReacH Protoss - Winner!

Build Orders: 1 Gate Expand 

Get SALT Encoding   

  12  0:02  Probe (Chrono Boost)  
  13  0:12  Probe (Chrono Boost)  
  14  0:19  Pylon  
  14  0:23  Probe (Chrono Boost)  
  15  0:38  Gateway, Probe (Chrono Boost)  
  16  0:47  Assimilator  
  16  0:48  Probe (Chrono Boost)  
  17  0:59  Probe (Chrono Boost)  
  18  1:09  Probe (Chrono Boost)  
  19  1:20  Probe (Chrono Boost)  
  20  1:27  Nexus  
  20  1:30  Probe (Chrono Boost)  
  21  1:37  Cybernetics Core  
  21  1:43  Assimilator  
  21  1:46  Probe (Chrono Boost)  
  22  1:58  Probe (Chrono Boost)  
  22  1:59  Pylon  
  23  2:18  Adept (Chrono Boost)  
  23  2:21  Mothership Core  
  27  2:24  Warp Gate  
  27  2:40  Probe  
  27  2:41  Stalker (Chrono Boost), Pylon  
  27  2:42  Probe  
  30  2:49  Pylon  
  30  2:50  Probe  
  30  2:53  Pylon  
  30  2:56  Probe  
  32  3:01  Probe  
  33  3:07  Adept (Chrono Boost)  
  33  3:08  Probe  
  33  3:11  Probe  
  37  3:20  Probe  
  37  3:22  Probe  
  38  3:33  Probe x2  
  38  3:36  Adept (Chrono Boost)  
  41  3:43  Probe  
  41  3:45  Probe  
  43  3:54  Probe  
  44  3:56  Robotics Facility  
  44  3:57  Probe  
  44  4:04  Probe  
  44  4:09  Probe  
  46  4:15  Probe  
  45  4:21  Probe  
  45  4:24  Pylon  
  45  4:25  Probe  
  46  4:33  Probe  
  46  4:36  Probe  
  48  4:45  Probe  
  49  4:46  Probe  
  49  4:48  Warp Prism  
  50  4:54  Gateway  
  50  4:55  Gateway  
  50  4:57  Twilight Council, Probe x2  
  52  5:02  Assimilator  
  52  5:04  Adept  
  52  5:05  Assimilator  
  54  5:08  Pylon  
  54  5:14  Pylon  
  54  5:16  Pylon  
  54  5:24  Probe  
  54  5:26  Probe  
  54  5:27  Immortal  
  60  5:35  Probe  
  58  5:37  Stalker  
  59  5:44  Nexus  
  59  5:48  Resonating Glaives (Chrono Boost)  
  58  5:59  Adept  
  58  6:00  Probe  
  58  6:01  Probe  
  61  6:08  Immortal  
  61  6:10  Pylon  
  65  6:12  Probe  
  66  6:21  Adept  
  68  6:26  Probe  
  68  6:27  Probe  
  70  6:36  Probe  
  72  6:46  Gateway  
  72  6:49  Stalker  
  72  6:52  Stalker x2  
  71  7:19  Probe  
  71  7:20  Probe  
  71  7:22  Immortal  
  77  7:29  Probe  
  77  7:31  Pylon  
  77  7:33  Probe  
  77  7:34  Probe  
  80  7:40  Templar Archives  
  80  7:48  Gateway  
  80  7:49  Gateway, Probe  
  80  7:50  Forge, Probe  
  82  7:51  Forge  
  82  7:53  Sentry x2  
  86  8:02  Immortal  
  90  8:12  Pylon  
  90  8:18  Gateway  
  90  8:19  Gateway  
  90  8:23  Pylon  
  90  8:24  Pylon  
  88  8:30  Stalker  
  88  8:31  Stalker x2  
  94  8:37  Adept  
  94  8:44  Stalker  
  94  8:47  Psionic Storm  
  90  8:53  Probe x2  
  90  8:54  Probe  
  85  8:59  Assimilator  
  77  9:02  Charge (Chrono Boost)  
  85  9:03  Gateway  
  85  9:04  Gateway  
  85  9:05  Immortal  
  89  9:17  High Templar x2  
  89  9:18  Zealot x4  
  99  9:29  Assimilator  
  99  9:31  Pylon  
  99  9:34  Sentry  
  99  9:35  Stalker  
  103  9:39  Immortal  
  103  9:40  Zealot  
  103  9:41  Zealot x3  
  115  9:58  Zealot x4  
  123  10:08  Pylon  
  123  10:09  Pylon  
  123  10:12  Pylon  
  123  10:13  Warp Prism  
  123  10:19  High Templar x2  
  123  10:20  Pylon  
  123  10:21  Pylon  
  106  10:44  Archon  
  102  10:53  Assimilator  
  102  10:54  Probe  
  103  11:03  Probe x2  
  105  11:09  High Templar x3  
  105  11:10  High Templar, Zealot x3  
  105  11:11  Zealot x3  
  125  11:12  Observer  
  125  11:19  Pylon  
  125  11:22  Pylon  
  125  11:36  Immortal  
  125  11:45  Robotics Bay  
  127  11:55  Robotics Facility  
  127  12:01  High Templar x2  
  129  12:02  Zealot x8  
  129  12:06  Protoss Ground Weapons Level 1 (Chrono Boost), Protoss Ground Armor Level 1 (Chrono Boost)  
  147  12:12  Nexus  
  147  12:14  Pylon  
  147  12:16  Pylon  
  147  12:23  Immortal  
  147  12:24  Stargate  
  151  12:34  Zealot x10  
  171  12:42  Immortal  
  175  12:48  Blink  
  161  13:01  Stalker x3  
  161  13:02  Stalker x2  
  161  13:03  Immortal  
  141  13:29  Zealot  
  141  13:30  Zealot x2  
  141  13:31  Zealot x4  
  155  13:36  Pylon  
  155  13:42  Assimilator  
  155  13:46  Assimilator  
  155  13:50  Probe x3  
  158  13:59  High Templar x2  
  158  14:02  Probe  
  161  14:05  Archon  
  161  14:07  High Templar x2  
  161  14:08  High Templar x2  
  167  14:19  Pylon  
  167  14:20  Photon Cannon  
  167  14:23  Archon  
  167  14:24  Archon  
  167  14:26  High Templar x4  
  175  14:34  Archon x2  
  181  14:43  Archon  
  181  14:45  Colossus  
  173  14:47  Photon Cannon  
  179  14:55  Pylon x2, Extended Thermal Lance (Chrono Boost)  
  179  14:56  Pylon  
  179  14:58  Colossus  
  159  15:35  Stalker x5  
  149  15:36  Stalker x4, Colossus  
  169  15:56  Colossus  
  169  16:00  Dark Shrine  
  169  16:02  Pylon  
  169  16:11  Stalker, Pylon, High Templar  
  176  16:12  Stalker  
  176  16:13  Pylon  
  178  16:25  Colossus  
  156  16:34  Stalker  
  156  16:39  Archon, Pylon  
  150  16:43  Colossus  
  148  17:00  Stalker, High Templar x2  
  148  17:01  Stalker x4  
  152  17:33  Zealot x8  
  152  17:34  Zealot x2  
Tags
 
Add a new tag
Caveats
  • Supply blocks, unpowered buildings, or Contaminate may cause inaccurate times.
  • Supply counts are checked every 10 seconds.